 Dungeon Crawl Stone Soup version 0.23.2-40-g277498a001 (webtiles) character file.

Game seed: 17449074590330386489

277 Devam the Changer (level 6, -1/38 HPs)
             Began as an Octopode Transmuter on Sept 6, 2019.
             Was a Follower of Cheibriados.
             Slain by an orc
             ... wielding a +3 dagger
              (4 damage)
             ... on level 6 of the Dungeon.
             The game lasted 00:10:13 (4530 turns).

Devam the Changer (Octopode Transmuter)             Turns: 4530, Time: 00:10:13

Health: -1/38      AC:  2    Str: 12    XL:     6   Next: 26%
Magic:  8/10       EV: 20    Int: 20    God:    Cheibriados [*.....]
Gold:   141        SH:  0    Dex: 21    Spells: 1/11 levels left

rFire    + . .     SeeInvis .     - Unarmed
rCold    . . .     Gourm    .   (shield currently unavailable)
rNeg     . . .     Faith    .   (helmet currently unavailable)
rPois    .         Spirit   .   (no amulet)
rElec    .         Reflect  .   e - ring of protection from fire
rCorr    .         Harm     .   i - ring of poison resistance
MR       .....                  (no ring)
Stlth    ++........             (no ring)
HPRegen  0.12/turn              (no ring)
MPRegen  0.12/turn              (no ring)
                                (no ring)
                                (no ring)

@: spider-form (expiring), very slow
A: tiny, almost no armour, stealthy swim, (amphibious), 8 rings, (constrict 8)
a: End Transformation, Bend Time, Renounce Religion


You were on level 6 of the Dungeon.
You worshipped Cheibriados.
Cheibriados was aware of your devotion.
You were not hungry.
You were a venomous arachnid creature.
You visited 1 branch of the dungeon, and saw 4 of its levels.

You collected 141 gold pieces.

Inventory:

Missiles
 a - 3 arrows
 l - 47 stones (quivered)
 r - 4 tomahawks
 s - a tomahawk of dispersal
Jewellery
 e - a ring of protection from fire (left front leg)
 i - a ring of poison resistance (right front leg)
Wands
 o - a wand of enslavement (9)
Scrolls
 b - a scroll of enchant armour
 d - a scroll of identify {@r1}
 g - 4 scrolls of teleportation
 h - a scroll of enchant weapon {unknown}
 m - 2 scrolls of remove curse {@r2}
Potions
 f - 4 potions of curing {@q1}
 j - a potion of heal wounds
 k - a potion of flight
 n - a potion of berserk rage {unknown}
 p - 2 potions of lignification {unknown}
 q - 2 potions of haste {unknown}
Comestibles
 c - 3 rations


   Skills:
 - Level 1.0 Fighting
 - Level 2.0 Dodging
 - Level 3.0 Unarmed Combat
 - Level 3.0 Spellcasting
 - Level 5.0 Transmutations
 + Level 0.0 Ice Magic
 - Level 3.4 Poison Magic


You had one spell level left.
You knew the following spells:

 Your Spells              Type           Power        Failure   Level  Hunger
a - Beastly Appendage     Tmut           ###...       8%          1    None
b - Sticks to Snakes      Tmut           ###.....     10%         2    ##.....
c - Spider Form           Tmut/Pois      ###.......   21%         3    ###....
d - Ice Form              Ice/Tmut       ##......     67%         4    ####...

Your spell library contained the following spells:

 Spells                   Type           Power        Failure   Level  Hunger
 Blade Hands              Tmut           ###.......   67%         5    ######.


Dungeon Overview and Level Annotations

Branches:
Dungeon (3/15)

Altars:
Cheibriados
Fedhas
Gozag
Hepliaklqana
Okawaru
The Shining One


Innate Abilities, Weirdness & Mutations

You cannot wear most types of armour.
You are very stealthy in the water. (Stealth+)
((You are amphibious.))
You can wear up to eight rings at the same time.
((You can use your tentacles to constrict eight enemies at once.))
((Your skin changes colour to match your surroundings (Stealth+).))
((Your rubbery body absorbs attacks. (AC +1, EV +1)))


Message History

The orc hits you with a cursed -2 club. The orc misses you.
The orc hits you with a +3 dagger.
You hit the orc wizard but do no damage.
The orc wizard is poisoned.
The orc wizard misses you. The orc misses you. The orc barely misses you.
The orc wizard misses you. The orc closely misses you.
The orc barely misses you.
You hit the orc wizard but do no damage.
The orc wizard looks as sick as possible!
The orc wizard is moderately wounded.
The orc wizard misses you. The orc hits you with a +0 hand axe.
The orc hits you with a cursed -2 club. The orc closely misses you.
The orc barely misses you. The orc hits you with a +3 dagger.
The orc misses you.
You hit the orc.
The orc is almost dead.
The orc wizard gestures at you while chanting.
The puff of frost hits you!
* * * LOW HITPOINT WARNING * * *
The orc closely misses you. The orc hits you with a +3 dagger.
You die...

#....#.. .
#...[#.#.#
#....... #......
#....###..
#.........
#...o###.#.#
#..ooo......
#..os###.## #....#
#....# #....#
#....# #....#
#....#
#############....#
.................#


You could see an orc wizard and 4 orcs.

Vanquished Creatures
  A bullfrog (D:6)
  An orc priest (D:3)
  8 adders
  3 worms (D:2)
  4 dart slugs (D:2)
  A leopard gecko (D:3)
  12 orcs (D:3)
  A ball python (D:1)
  5 giant cockroaches
  13 goblins
  10 hobgoblins
  4 jackals (D:3)
  5 kobolds
  2 bats
  A frilled lizard (D:3)
  3 rats (D:2)
74 creatures vanquished.

Vanquished Creatures (collateral kills)
  Robin (D:2)
  A hobgoblin (D:2)
2 creatures vanquished.

Vanquished Creatures (others)
  A fungus (D:6)
1 creature vanquished.

Grand Total: 77 creatures vanquished

Notes
Turn   | Place    | Note
-------+----------+-------------------------------------------
     0 | D:1      | Devam the Octopode Transmuter began the quest for the Orb.
     0 | D:1      | Reached XP level 1. HP: 13/13 MP: 3/3
   471 | D:1      | Reached XP level 2. HP: 18/18 MP: 3/5
   656 | D:1      | Learned a level 2 spell: Sticks to Snakes
   667 | D:2      | Reached skill level 3 in Transmutations
  1118 | D:2      | Reached XP level 3. HP: 19/23 MP: 6/6
  1408 | D:1      | Learned a level 3 spell: Spider Form
  2068 | D:2      | Noticed Robin
  2070 | D:2      | Reached skill level 4 in Transmutations
  2078 | D:2      | Reached XP level 4. HP: 17/28 MP: 0/7
  2240 | D:2      | Killed Robin
  2240 | D:2      | Reached skill level 1 in Poison Magic
  2545 | D:2      | Found a hazy altar of Hepliaklqana.
  2658 | D:2      | Found an opulent altar of Gozag.
  2658 | D:2      | Found a snail-covered altar of Cheibriados.
  2671 | D:2      | Became a worshipper of Cheibriados the Contemplative
  3248 | D:3      | Found a glowing golden altar of the Shining One.
  3499 | D:3      | Found a blossoming altar of Fedhas.
  3528 | D:3      | Reached * piety under Cheibriados
  3618 | D:3      | Reached XP level 5. HP: 33/33 MP: 8/8
  4056 | D:3      | Found an iron altar of Okawaru.
  4425 | D:3      | You fall through a shaft for 3 floors!
  4454 | D:6      | Reached skill level 5 in Transmutations
  4454 | D:6      | Reached XP level 6. HP: 35/38 MP: 10/10
  4471 | D:6      | Learned a level 4 spell: Ice Form
  4530 | D:6      | Slain by an orc

Skill      XL: |  1  2  3  4  5 |
---------------+----------------+-----
Transmutations | 3 4 5 |  5.0
Poison Magic   | 1 3 |  3.4
Spellcasting   | 3 |  3.0
Fighting       | |  1.0
Dodging        | |  2.0
Unarmed Combat | |  3.0

Action                   |  1- 3 |  4- 6 || total
-------------------------+-------+-------++-------
Melee: Unarmed           |    67 |   103 ||   170
       Constrict         |    18 |    29 ||    47
       Kick              |    16 |    25 ||    41
       Tentacles         |     6 |    19 ||    25
       Punch             |     1 |     4 ||     5
 Cast: Beastly Appendage |    23 |    17 ||    40
       Sticks to Snakes  |     8 |     1 ||     9
       Spider Form       |       |     2 ||     2
  Use: Scroll            |       |     6 ||     6
 Stab: Sleeping          |     3 |     3 ||     6
  Eat: Chunk             |     4 |     7 ||    11
Armor: Skin              |     3 |     4 ||     7
Dodge: Dodged            |    27 |   100 ||   127
